 Dungeon Crawl Stone Soup version 0.31-a0-868-g674d60d6f7 (webtiles) character file.

Game seed: 5938268177861814455

5034 TheGamechu the Skirmisher (level 10, -1/66 HPs)
             Began as a Gargoyle Hunter on Oct 11, 2023.
             Was an Initiate of Gozag.
             Killed from afar by an efreet (30 damage)
             ... with a fireball
             ... on level 9 of the Dungeon.
             The game lasted 00:39:12 (10018 turns).

TheGamechu the Skirmisher (Gargoyle Hunter)        Turns: 10018, Time: 00:39:15

Health: -1/66      AC: 30    Str: 15    XL:     10   Next: 55%
Magic:  10/10      EV:  5    Int: 10    God:    Gozag
Gold:   934        SH:  0    Dex: 17    Spells: 9/9 levels left

rFire   . . .        j - +2 sling (drain)
rCold   . . .        (no shield)
rNeg    + . .        q - +0 plate armour
rPois   ∞            E - +0 helmet
rElec   +            y - +1 cloak
rCorr   .            (no gloves)
SInv    .            z - +0 pair of boots
Will    .....        (no amulet) Stlth
                     G - +4 ring of slaying
HPRegen 0.31/turn    s - +4 ring of protection
MPRegen 0.12/turn

%: no passive effects
@: no status effects
A: sickness immunity, AC +7, negative energy resistance 1, electricity
resistance, torment resistance 1, petrification resistance
a: Renounce Religion, Potion Petition, Call Merchant, Bribe Branch


You were on level 9 of the Dungeon.
You worshipped Gozag.
Gozag was pleased with you.
You visited 2 branches of the dungeon, and saw 11 of its levels.
You also visited: Bailey.

You collected 1219 gold pieces.
You spent 94 gold pieces at shops.
You paid 191 gold pieces to Gozag.

Inventory:

Hand Weapons
 j - a +2 sling of draining (weapon)
Missiles
 f - 12 poisoned darts
 v - a throwing net
 C - 5 curare-tipped darts
Armour
 q - a +0 plate armour (worn)
 y - a +1 cloak (worn)
 z - a +0 pair of boots (worn)
 E - a +0 helmet (worn)
Jewellery
 l - a ring of willpower
 s - a +4 ring of protection (right hand)
 w - a ring of protection from cold
 G - a +4 ring of slaying (left hand)
Wands
 g - a wand of digging (7)
 x - a wand of charming (13)
Scrolls
 b - 3 scrolls of butterflies
 c - a scroll of revelation
 i - a scroll of enchant armour
 k - a scroll of immolation
 m - a scroll of teleportation
 o - a scroll of blinking
 t - a scroll of enchant weapon
 u - 2 scrolls of poison
 A - a scroll of amnesia
Potions
 a - 3 potions of brilliance
 d - a potion of degeneration {unknown}
 e - a potion of magic {unknown}
 h - 2 potions of attraction
 p - a potion of berserk rage {unknown}
 r - a potion of invisibility {unknown}
 B - a potion of resistance {unknown}
 D - 3 potions of haste {unknown}


   Skills:
 + Level 9.3 Fighting
 + Level 9.7 Ranged Weapons
 + Level 8.7 Armour
 - Level 1.5 Dodging
 - Level 1.1 Stealth
 - Level 4.3 Evocations


You had 9 spell levels left.
You didn't know any spells.
Your spell library contained the following spells:

 Spells                   Type           Power      Damage    Failure   Level
 Necrotise                Necr           0%         1d4       100%        1
 Call Canine Familiar     Summ           0%         N/A       100%        3
 Sigil of Binding         Hex            0%         N/A       100%        3
 Vampiric Draining        Necr           0%         2d6       100%        3
 Dimensional Bullseye     Hex/Tloc       0%         N/A       100%        4
 Leda's Liquefaction      Hex/Erth       0%         N/A       100%        4
 Vhi's Electric Charge    Tloc/Air       0%         N/A       100%        4
 Agony                    Necr           0%         N/A       100%        5
 Arcjolt                  Conj/Air       0%         1d10      100%        5
 Plasma Beam              Fire/Air       0%         2x1d10    100%        6


Dungeon Overview and Level Annotations

Branches:
Dungeon (10/15)            Temple (1/1) D:7             Orc (0/2) D:10
 Bailey (visited)
   Lair: D:8-11

Altars:
Ashenzari
Cheibriados
Dithmenos
Elyvilon
Fedhas
Gozag
Hepliaklqana
Kikubaaqudgha
Makhleb
Nemelex Xobeh
Okawaru
Qazlal
Ru
Sif Muna
Uskayaw
Vehumet
Wu Jian
Xom
Yredelemnul
Zin
The Shining One

Shops:
D:2 (   D:4 :


Innate Abilities, Weirdness & Mutations

You are immune to sickness and miasma.
Your stone body is resilient. (AC +7)
You are immune to poison.
You resist negative energy. (rN+)
You are resistant to electric shocks. (rElec)
You are resistant to unholy torment.
You are immune to petrification.


Message History

You hear two shouts!
A two-headed ogre comes into view.
It is wielding a +0 dire flail and a +0 giant club.
The troll bites you but does no damage.
The troll claws you but does no damage. x2
You shoot a sling bullet. The sling bullet hits the troll!
You kill the troll!
You see here 15 gold pieces.
There is a stone staircase leading down, spattered with blood here.
There is a stone staircase leading up here.
You climb upwards.
There is a stone staircase leading down here.
An efreet is nearby!
You shoot a sling bullet. The sling bullet hits the efreet!
The efreet is moderately wounded.
The efreet gestures at you.
The fireball explodes!
The fireball engulfs you but does no damage.
You shoot a sling bullet. The sling bullet hits the efreet!
The efreet is heavily wounded.
The efreet gestures at you.
The fireball explodes!
The fireball engulfs you but does no damage.
You shoot a sling bullet. The sling bullet hits the efreet.
The efreet is heavily wounded.
The efreet gestures at you. The bolt of fire hits you!
You are too injured to fight recklessly!
The efreet zaps a wand.
The mass of ice explodes!
The iceblast engulfs you! The efreet hits you but does no damage.
You shoot a sling bullet. The sling bullet hits the efreet.
The efreet is severely wounded.
The efreet hits you with a +4 scimitar of flaming.
The efreet burns you.
You shoot a sling bullet. The sling bullet hits the efreet.
The efreet is severely wounded.
The efreet hits you with a +4 scimitar of flaming!
The efreet burns you. The efreet gestures at you.
The fireball explodes!
The fireball engulfs you!!
You die...
Your body crumbles into a pile of gold.

#.#........<..####
###.####...........#######
#........[#.###.#.........
#.#.............#.(#######
#(#.#####(..##..#..#
#.#.....[)......#..###
########.#.##).....#...#....#
..>........#.....##


You could see an efreet.

Vanquished Creatures
  A cyclops (D:8)
  Maggie (D:7)
  2 trolls
  2 wyverns
  3 yaks (D:10)
  A steam dragon (D:6)
  2 water moccasins
  3 orc warriors
  2 sky beasts
  3 ice beasts
  A black bear (D:5)
  An ogre (D:6)
  2 centaurs
  A phantom (D:5)
  2 kobold brigands
  A bullfrog (D:8)
  A gnoll sergeant (D:6)
  A scorpion (D:6)
  7 wights
  5 killer bees
  3 hounds
  2 jellies
  5 orc priests
  Crazy Yiuf (D:6)
  5 orc wizards
  3 iguanas
  A sleepcap (D:5)
  4 gnolls (D:6)
  5 adders
  4 shadow imps
  A white imp (D:8)
  2 ufetubi
  2 worms
  2 dart slugs (D:1)
  38 orcs
  3 endoplasms (D:1)
  2 giant cockroaches
  7 goblins
  9 hobgoblins
  3 jackals (D:3)
  12 kobolds
  4 quokkas
  5 ball pythons
  3 bats (D:1)
  5 frilled lizards
  10 rats
183 creatures vanquished.

Notes
Turn   | Place    | Note
-------+----------+-------------------------------------------
     0 | D:1      | TheGamechu the Gargoyle Hunter began the quest for the Orb.
     0 | D:1      | Reached XP level 1. HP: 12/12 MP: 1/1
   132 | D:1      | Reached XP level 2. HP: 13/17 MP: 2/2
   576 | D:1      | Reached XP level 3. HP: 21/21 MP: 3/3
   681 | D:2      | Reached skill level 5 in Ranged Weapons
   731 | D:2      | Found Taxkat's Antique Weapon Shoppe.
   737 | D:2      | Bought a runed sling for 94 gold pieces
   878 | D:2      | Found a shimmering blue altar of Sif Muna.
  1385 | D:3      | Found a faded altar of an unknown god.
  1561 | D:3      | Reached skill level 1 in Armour
  1573 | D:3      | Reached XP level 4. HP: 27/27 MP: 4/4
  2440 | D:4      | Reached XP level 5. HP: 32/32 MP: 5/5
  2623 | D:4      | Found a glowing silver altar of Zin.
  2703 | D:4      | Found a white marble altar of Elyvilon.
  2953 | D:4      | Found Wagaz's Book Shoppe.
  3133 | D:5      | Entered Level 5 of the Dungeon
  3133 | D:5      | Noticed a water moccasin
  3183 | D:4      | Killed a water moccasin
  3184 | D:4      | Reached XP level 6. HP: 21/38 MP: 6/6
  3277 | D:5      | Identified the +0 leather armour of the Hidden Vale
                  | {Slay+3}
  3297 | D:5      | Noticed a wyvern
  3308 | D:5      | Killed a wyvern
  3309 | D:5      | Reached XP level 7. HP: 43/44 MP: 7/7
  3550 | D:5      | Reached skill level 5 in Fighting
  3749 | D:5      | Found a snail-covered altar of Cheibriados.
  3783 | D:5      | Found an ancient bone altar of Kikubaaqudgha.
  4231 | D:5      | Reached skill level 5 in Armour
  4231 | D:5      | Reached XP level 8. HP: 51/51 MP: 8/8
  5156 | D:6      | Found a runed translucent door.
  5157 | D:6      | Noticed Crazy Yiuf
  5167 | D:6      | Killed Crazy Yiuf
  5757 | D:7      | Reached XP level 9. HP: 57/57 MP: 9/9
  6004 | D:7      | Found a staircase to the Ecumenical Temple.
  6025 | D:7      | Noticed Maggie
  6088 | D:7      | Killed Maggie
  6089 | D:7      | Reached skill level 1 in Evocations
  6113 | Temple   | Entered the Ecumenical Temple
  6152 | Temple   | Became a worshipper of Gozag Ym Sagoz the Greedy
  6722 | D:8      | Found a shimmering altar of Xom.
  6768 | D:8      | Found a flagged portal.
  6777 | D:8      | Noticed a cyclops
  6885 | Bailey   | Entered a bailey
  7260 | Bailey   | Noticed an orc knight
  7579 | D:8      | Killed a cyclops
  8099 | D:7      | Reached XP level 10. HP: 65/65 MP: 10/10
  9806 | D:10     | Entered Level 10 of the Dungeon
  9843 | D:10     | Found a staircase to the Orcish Mines.
  9955 | D:10     | Noticed a two-headed ogre
 10018 | D:9      | Killed from afar by an efreet

Illustrated notes

Levels and vault maps discovered:
D:1:      tarquinn_simple_flora_water_c, layout_loops_cross, minmay_hexomino_u4
D:2:      layout_basic, basic_altar, serial_shops, shop
D:3:      layout_basic, hellmonk_ecumenical_altar_heavens_door,
          guppyfry_early_orc_mine
D:4:      layout_basic, old_standard_altar, nicolae_overflow_crystal_walls,
          serial_shops, nicolae_shop_pleasant_corner_grove,
          kennysheep_generic_room_3
D:5:      layout_basic, mainiacjoe_overflow_two_lobes
D:6:      layout_gridville, uniq_crazy_yiuf_cottage
D:7:      layout_basic, minmay_temple_entry_gardened_gates, uniq_maggie
D:8:      layout_cave_pools, mainiacjoe_overflow_concentric_impassable,
          enter_bailey_6
D:9:      layout_loops_ring, general_overflow_altar
D:10:     layout_loops_ring, orc_0_dummy, dk_vineyard_2
Temple:   regret_index_temple_sphere_string

Skill      XL: |  1  2  3  4  5  6  7  8  9 10 |
---------------+-------------------------------+-----
Ranged Weapons | 5 6 8 9 |  9.7
Armour         | 1 3 5 6 7 8 |  8.7
Fighting       | 3 4 5 7 8 9 |  9.3
Evocations     | 3 4 |  4.3
Dodging        | |  1.5
Stealth        | |  1.1

Action                     |  1- 3 |  4- 6 |  7- 9 | 10-12 || total
---------------------------+-------+-------+-------+-------++-------
   Fire: Shortbow          |    56 |       |       |       ||    56
         Sling             |    68 |   149 |   486 |   146 ||   849
    Use: Scroll            |     5 |       |    12 |     2 ||    19
         Potion            |       |     1 |     6 |     2 ||     9
 Armour: Leather armour    |    11 |       |       |       ||    11
         Chain mail        |    28 |   146 |   465 |    24 ||   663
         Plate armour      |       |       |       |   166 ||   166
         Skin              |       |       |       |    16 ||    16
  Dodge: Dodged            |    22 |    60 |   186 |    55 ||   323

Table legend: (Time is in decaauts)
 A = Elapsed time spent in this place.
 B = Non-inter-level travel time spent in this place.
 C = Inter-level travel time spent in this place.
 D = Time resting spent in this place.
 E = Time spent auto-exploring this place.
 F = Levels seen in this place.
 G = Mean time per level.
                   A        B        C        D        E       F      G
               +--------+--------+--------+--------+--------+-----+--------+
         Total |  10417 |   9667 |    750 |   1383 |   4381 |  12 |  868.1 |
       Dungeon |   9904 |   9201 |    703 |   1269 |   4376 |  10 |  990.4 |
        Temple |     64 |     17 |     47 |      0 |      0 |   1 |   64.0 |
        Bailey |    448 |    448 |      0 |    114 |      5 |   1 |  448.0 |
               +--------+--------+--------+--------+--------+-----+--------+

Top non-repeatable levels by time:
     D:8: 1498 daAuts
     D:6: 1443 daAuts
     D:7: 1405 daAuts
     D:4: 1188 daAuts
     D:9: 982 daAuts
     D:5: 963 daAuts
     D:3: 892 daAuts
     D:1: 680 daAuts
     D:2: 662 daAuts
  Bailey: 448 daAuts
    D:10: 186 daAuts
  Temple: 64 daAuts
